 Dungeon Crawl Stone Soup version 0.26.0-15-gc6cd9f7 (webtiles) character file.

Game seed: 16794046644091410041

1426 jimeh the Grappler (level 8, -22/74 HPs)
             Began as a Troll Monk on Jan 24, 2021.
             Killed from afar by an orc (28 damage)
             ... with an exploding inner flame
             ... on level 7 of the Dungeon.
             The game lasted 00:08:20 (3866 turns).

jimeh the Grappler (Troll Monk)                     Turns: 3866, Time: 00:08:21

Health: -22/74     AC:  6    Str: 21    XL:     8   Next: 44%
Magic:  16/16      EV: 10    Int:  6    God:
Gold:   321        SH:  0    Dex: 13    Spells: 7/7 levels left

rFire    . . .     SeeInvis .     - Unarmed
rCold    . . .     Faith    .   (no shield)
rNeg     . . .     Spirit   .   a - +0 robe
rPois    .         Reflect  .   (helmet restricted)
rElec    .         Harm     .   (no cloak)
rCorr    .         Rampage  .   (gloves unavailable)
Will     .....                  (boots unavailable)
Stlth    ++........             (no amulet)
HPRegen  0.62/turn              b - ring of magical power
MPRegen  0.15/turn              (no ring)

@: no status effects
A: large, unfitting armour, claws 3, regeneration 1, shaggy fur 1, tough skin 3
a: no special abilities


You were on level 7 of the Dungeon.
You visited 1 branch of the dungeon, and saw 6 of its levels.
You also visited: Ossuary.

You collected 321 gold pieces.

Inventory:

Armour
 a - a +0 robe (worn)
Jewellery
 b - a ring of magical power (left claw)
Wands
 p - a wand of polymorph (5)
 u - a wand of iceblast (9)
Scrolls
 d - 7 scrolls of identify
 i - a scroll of remove curse
 m - a scroll of teleportation {unknown}
 n - a scroll of amnesia {unknown}
 q - a scroll of random uselessness {unknown}
 t - a scroll of noise {unknown}
 v - a scroll of enchant weapon {unknown}
Potions
 c - a potion of degeneration {unknown}
 f - 5 potions of curing
 g - 3 potions of invisibility {unknown}
 h - 2 potions of flight {unknown}
 j - a potion of haste {unknown}
 k - a potion of attraction {unknown}
 l - 2 potions of magic {unknown}
 o - a potion of brilliance {unknown}
 r - a potion of mutation {unknown}
 s - a potion of resistance {unknown}


   Skills:
 - Level 2.4 Fighting
 - Level 2.4 Dodging
 - Level 1.0 Stealth
 + Level 10.8 Unarmed Combat


You had 7 spell levels left.
You didn't know any spells.
Your spell library contained the following spells:

 Spells                   Type           Power        Failure   Level
 Beastly Appendage        Tmut           0%           45%         1
 Wereblood                Tmut           0%           58%         2
 Spider Form              Tmut/Pois      0%           83%         3
 Ice Form                 Ice/Tmut       0%           99%         4
 Blade Hands              Tmut           0%           100%        5


Dungeon Overview and Level Annotations

Branches:
Dungeon (7/15)            Ossuary (visited)
 Temple: D:4-7

Altars:
Gozag
Trog
Vehumet


Innate Abilities, Weirdness & Mutations

You are too large for most types of armour.
You have claws for hands.
Your natural rate of healing is unusually fast.
You are covered in fur. (AC +1)
You have extremely tough skin. (AC +3)


Message History

The bullfrog hits you. The bullfrog barely misses you.
You closely miss the bullfrog. Your claw misses the bullfrog.
The hound closely misses you. The bullfrog hits you.
The hound closely misses you.
An orc wizard comes into view. It is wielding a -3 dagger.
As you read the scroll labelled PUW PAFRIAJOOQ, it crumbles to dust.
The creatures around you are filled with an inner flame!
It was a scroll of immolation.
The bullfrog closely misses you. The hound barely misses you.
You mangle the orc!!
The orc explodes!
The fiery explosion engulfs the orc!!
The fiery explosion engulfs you!!!
Ouch! That really hurt!
The fiery explosion engulfs the hound!!
The hound explodes!
The fiery explosion engulfs you!
* * * LOW HITPOINT WARNING * * *
The orc explodes!
The fiery explosion engulfs you!!
You die...

..........
...o......
##.........
#..o....... ##
#.......... ..##
#§§§§......
S...###§§§§§.....
#.....#§§@§......
........F§§§...##
#.......#...###
###...........##
##...........##
##.............
#...............
#................
#................#


You could see an orc warrior (inner flame), a bullfrog (inner flame) and an orc
wizard (inner flame).

Vanquished Creatures
  Edmund (D:4)
  A sky beast (D:6)
  A hornet zombie (D:6)
  A phantom (D:4)
  2 centaurs
  3 elf zombies (Ossuary)
  A scorpion (D:6)
  3 hounds
  2 orc priests (D:3)
  3 human zombies (Ossuary)
  Natasha (thrice) (D:2)
  2 worker ants
  A big kobold zombie (Ossuary)
  A hound zombie (Ossuary)
  A hound skeleton (D:4)
  3 mummies (Ossuary)
  8 adders
  3 gnolls (D:6)
  2 shadow imps
  3 adder zombies (Ossuary)
  2 worms
  A dart slug (D:1)
  3 leopard geckos
  9 orcs
  3 ball pythons
  4 bats
  2 giant cockroaches
  3 goblins
  8 hobgoblins
  7 jackals
  10 kobolds
  3 quokkas
  6 frilled lizards
  A gnoll zombie (Ossuary)
  4 goblin zombies (Ossuary)
  3 hobgoblin zombies (Ossuary)
  4 jackal zombies (Ossuary)
  4 kobold zombies (Ossuary)
  An orc zombie (Ossuary)
  3 quokka zombies (Ossuary)
  9 rats
  5 rat zombies (Ossuary)
140 creatures vanquished.

Vanquished Creatures (others)
  5 toadstools (D:1)
5 creatures vanquished.

Grand Total: 145 creatures vanquished

Notes
Turn   | Place    | Note
-------+----------+-------------------------------------------
     0 | D:1      | jimeh the Troll Monk began the quest for the Orb.
     0 | D:1      | Reached XP level 1. HP: 22/22 MP: 0/0
   241 | D:1      | Reached XP level 2. HP: 21/29 MP: 1/1
   681 | D:2      | Reached skill level 4 in Unarmed Combat
   681 | D:2      | Reached XP level 3. HP: 36/36 MP: 2/2
   779 | D:2      | Noticed Natasha
   786 | D:2      | Killed Natasha
   825 | D:2      | Noticed Natasha
   831 | D:2      | Killed Natasha
   832 | D:2      | Reached skill level 5 in Unarmed Combat
   832 | D:2      | Reached XP level 4. HP: 44/44 MP: 3/3
   893 | D:2      | Found a bloodstained altar of Trog.
   915 | D:2      | Noticed Natasha
   926 | D:2      | Killed Natasha
  1005 | D:2      | Found a radiant altar of Vehumet.
  1213 | D:3      | Reached XP level 5. HP: 41/50 MP: 4/4
  1417 | D:3      | Reached skill level 6 in Unarmed Combat
  1516 | D:3      | Found a faded altar of an unknown god.
  1595 | D:3      | Found an opulent altar of Gozag.
  1873 | D:4      | Noticed a phantom
  1891 | D:4      | Killed a phantom
  1892 | D:4      | Reached skill level 7 in Unarmed Combat
  1892 | D:4      | Reached XP level 6. HP: 42/59 MP: 5/5
  1897 | D:4      | Noticed Edmund
  1907 | D:4      | Killed Edmund
  2336 | D:4      | Reached skill level 8 in Unarmed Combat
  2336 | D:4      | Reached XP level 7. HP: 39/66 MP: 6/6
  2617 | D:4      | You fall into a shaft and drop 2 floors!
  2754 | D:6      | Found a sand-covered staircase.
  2759 | Ossuary  | Entered an ossuary
  2928 | Ossuary  | Reached skill level 9 in Unarmed Combat
  3057 | Ossuary  | Reached XP level 8. HP: 74/74 MP: 7/7
  3112 | D:6      | Reached skill level 10 in Unarmed Combat
  3866 | D:7      | Killed from afar by an orc

Illustrated notes

Levels and vault maps discovered:
D:1:      ldierk_walled_garden, layout_basic
D:2:      layout_rooms, vehumet_crystals, general_overflow_altar, uniq_natasha
D:3:      kennysheep_big_flooded_room, layout_loops_ring, lemuel_round_altar,
          chequers_ecumenical_altar_simple_redux
D:4:      layout_loops_corners, lexackson_kobold_supper, uniq_edmund
D:6:      layout_loops_ring, nicolae_overflow_hidden_temple,
          lightli_ossuary_entry_decrepit_ruins
D:7:      layout_cave_pods, kennysheep_little_box, kennysheep_mini_moat,
          minitemple, minmay_temple_entry_arrows, minmay_ruined_shrine

Skill      XL: |  1  2  3  4  5  6  7  8 |
---------------+-------------------------+-----
Unarmed Combat | 4 5 7 8 9 10 | 10.8
Fighting       | |  2.4
Dodging        | |  2.4
Stealth        | |  1.0

Action                   |  1- 3 |  4- 6 |  7- 9 || total
-------------------------+-------+-------+-------++-------
Melee: Unarmed           |    62 |   130 |   191 ||   383
       Punch             |     1 |     2 |    10 ||    13
  Use: Scroll            |       |       |     6 ||     6
 Stab: Sleeping          |     1 |     1 |     1 ||     3
Armor: Robe              |    19 |    30 |    67 ||   116
Dodge: Dodged            |    38 |    51 |    95 ||   184
